 Dungeon Crawl Stone Soup version 0.28.0-45-g0d030f2227 (webtiles) character file.

Game seed: 7292565737269326398

1451 101zpm the Gusty (level 8, -3/52 HPs)
             Began as a Gnoll Air Elementalist on Apr 22, 2022.
             Was an Initiate of Makhleb.
             Slain by a killer bee (9 damage)
             ... on level 7 of the Dungeon.
             The game lasted 00:20:20 (6773 turns).

101zpm the Gusty (Gnoll Air Elementalist)           Turns: 6773, Time: 00:20:20

Health: -3/52      AC:  2    Str:  7    XL:     8   Next: 75%
Magic:  2/17       EV: 14    Int: 18    God:    Makhleb [......]
Gold:   269        SH:  0    Dex: 12    Spells: 9/19 levels left

rFire   . . .      SeeInvis .   n - +5 halberd
rCold   . . .      Faith    .   (shield currently unavailable)
rNeg    . . .      Spirit   .   a - +0 robe
rPois   .          Reflect  .   (helmet restricted)
rElec   .          Harm     .   (no cloak)
rCorr   .          Rampage  .   (no gloves)
Will    .....                   (no boots)
Stlth   +++.......              (no amulet)
HPRegen 0.17/turn               (no ring)
MPRegen 0.15/turn               (no ring)

@: lethally poisoned (-3 -> -9)
A: fangs 1, strong nose, distributed training, horns 1, frail 1
a: Renounce Religion


You were on level 7 of the Dungeon.
You worshipped Makhleb.
Makhleb was noncommittal.
You visited 2 branches of the dungeon, and saw 8 of its levels.

You collected 269 gold pieces.

Inventory:

Hand Weapons
 h - a +5 long sword
 n - a +5 halberd (weapon)
Armour
 a - a +0 robe (worn)
Jewellery
 k - a +4 ring of protection
Scrolls
 b - 4 scrolls of identify {unknown}
 c - 5 scrolls of enchant armour {unknown}
 f - a scroll of acquirement {unknown}
 g - 3 scrolls of noise {unknown}
 j - a scroll of silence {unknown}
 m - a scroll of immolation {unknown}
 o - a scroll of holy word {unknown}
Potions
 d - 3 potions of attraction {unknown}
 e - 4 potions of mutation
 i - 3 potions of haste {unknown}
 l - a potion of brilliance {unknown}


   Skills:
 + Level 3.5 Fighting
 + Level 3.5 Short Blades
 + Level 3.5 Long Blades
 + Level 3.5 Axes
 + Level 3.5 Maces & Flails
 + Level 3.5 Polearms
 + Level 3.5 Staves
 + Level 3.5 Slings
 + Level 3.5 Bows
 + Level 3.5 Crossbows
 + Level 3.5 Throwing
 + Level 3.5 Armour
 + Level 5.8 Dodging
 + Level 5.5 Stealth
 + Level 3.5 Shields
 + Level 3.5 Unarmed Combat
 + Level 6.2 Spellcasting
 + Level 3.6 Conjurations
 + Level 2.9 Hexes
 + Level 2.9 Summonings
 + Level 2.9 Necromancy
 + Level 2.9 Translocations
 + Level 2.9 Transmutations
 + Level 2.9 Fire Magic
 + Level 2.9 Ice Magic
 + Level 6.2 Air Magic
 + Level 2.9 Earth Magic
 + Level 2.9 Poison Magic
 + Level 3.9 Invocations
 + Level 3.5 Evocations


You had 9 spell levels left.
You knew the following spells:

 Your Spells              Type           Power      Damage    Failure   Level
a - Shock                 Conj/Air       92%        1d8       1%          1
b - Airstrike             Air            14%        N/A       9%          4
c - Static Discharge      Conj/Air       23%        N/A       2%          2
d - Swiftness             Air            28%        N/A       2%          3

Your spell library contained the following spells:

 Spells                   Type           Power      Damage    Failure   Level


Dungeon Overview and Level Annotations

Branches:
Dungeon (7/15)             Temple (1/1) D:5

Altars:
Ashenzari
Cheibriados
Dithmenos
Elyvilon
Fedhas
Makhleb
Okawaru
Qazlal
Trog
Vehumet
Wu Jian
Xom
Zin
The Shining One

Shops:
D:1 !   D:3 [

Annotations:
D:3 Eustachio


Innate Abilities, Weirdness & Mutations

You have very sharp teeth.
Your uncanny sense of smell can sniff out nearby items.
Your experience applies equally to all skills.
You have a pair of small horns on your head.
You are frail. (-10% HP)


Message History

Press: ? - help, Dir - move target, f - killer bee, p - killer bee
Aim: a killer bee (severely wounded, empty space bonus: 4/8)
The air twists around and strikes the killer bee!
You kill the killer bee!
Makhleb accepts your kill.
You feel sick. The killer bee closely misses you. The killer bee stings you!
Aiming: Shock (safe; 1% risk of failure)
Press: ? - help, Q - select action, (/) - cycle Shift-Dir - straight line, f - killer bee
Aim: a killer bee (heavily wounded, 48% to hit)
Okay, then.
Aiming: Shock (safe; 1% risk of failure)
Press: ? - help, Q - select action, (/) - cycle Shift-Dir - straight line, f - killer bee
Aim: a killer bee (lightly wounded, 48% to hit)
The zap hits the killer bee.
The killer bee is moderately wounded.
The zap hits the killer bee but does no damage.
The killer bee is heavily wounded.
You feel sick. The killer bee stings you. The killer bee barely misses you.
You miss the killer bee.
The killer bee is moderately wounded.
You feel sick. The killer bee stings you!
* * * LOW HITPOINT WARNING * * *
You are more poisoned.
The killer bee poisons you! The killer bee barely misses you.
The killer bee completely misses you.
You slash the killer bee!
You kill the killer bee!
Makhleb accepts your kill.
* * * LOW HITPOINT WARNING * * *
You feel very sick. The killer bee stings you.
* * * LOW HITPOINT WARNING * * *
Aiming: Shock (safe; 1% risk of failure)
Press: ? - help, Q - select action, (/) - cycle Shift-Dir - straight line, f - killer bee
Aim: a killer bee (heavily wounded, 48% to hit)
The zap hits the killer bee.
The killer bee is almost dead.
* * * LOW HITPOINT WARNING * * *
You feel sick. The killer bee misses you. The killer bee stings you!
You die...

.........♣.#...#.♣(
.######'.'.......'.
#.....#♣♣♣♣+♣♣♣♣.
#................ #+#
#...............^ ....
#....)........... .....
#.....##.........
......##.....##..###...#
∆......y@.....##..###+###
..##.†##.........†)....#
######..........)<...#
#.>.#................#
#...'................#
####..##.....##..##'##.#
#...####.....######.####
##.....#..[.............
#.....#................


You could see a killer bee.

Vanquished Creatures
  An ice beast (D:5)
  4 bullfrogs
  3 scorpions
  4 killer bees (D:7)
  8 wights
  A bullfrog zombie (D:5)
  An orc priest (D:4)
  A jelly (D:4)
  4 hounds
  Natasha (D:3)
  An orc wizard (D:4)
  A hound zombie (D:5)
  A howler monkey zombie (D:7)
  4 adders
  A howler monkey skeleton (D:5)
  A white imp (D:6)
  A worm (D:1)
  An adder skeleton (D:4)
  3 dart slugs (D:1)
  9 orcs
  2 bats
  8 endoplasms
  6 giant cockroaches
  9 goblins
  2 hobgoblins
  10 jackals
  7 kobolds
  8 quokkas
  8 ball pythons
  2 frilled lizards
  5 rats
118 creatures vanquished.

Notes
Turn   | Place    | Note
-------+----------+-------------------------------------------
     0 | D:1      | 101zpm the Gnoll Air Elementalist began the quest for the
                  | Orb.
     0 | D:1      | Reached XP level 1. HP: 13/13 MP: 6/6
   178 | D:1      | Reached XP level 2. HP: 13/19 MP: 3/7
   330 | D:1      | You fall into a shaft and drop 1 floor!
   431 | D:2      | Reached XP level 3. HP: 25/25 MP: 1/9
   563 | D:2      | Reached skill level 5 in Spellcasting
   878 | D:2      | Reached skill level 1 in Invocations
  1299 | D:2      | Found a faded altar of an unknown god.
  1482 | D:2      | Reached skill level 1 in Fighting
  1482 | D:2      | Reached skill level 1 in Short Blades
  1482 | D:2      | Reached skill level 1 in Long Blades
  1482 | D:2      | Reached skill level 1 in Axes
  1482 | D:2      | Reached skill level 1 in Maces & Flails
  1482 | D:2      | Reached skill level 1 in Polearms
  1482 | D:2      | Reached skill level 1 in Staves
  1482 | D:2      | Reached skill level 1 in Slings
  1482 | D:2      | Reached skill level 1 in Bows
  1482 | D:2      | Reached skill level 1 in Crossbows
  1482 | D:2      | Reached skill level 1 in Throwing
  1482 | D:2      | Reached skill level 1 in Armour
  1482 | D:2      | Reached skill level 1 in Shields
  1482 | D:2      | Reached skill level 1 in Unarmed Combat
  1482 | D:2      | Reached skill level 1 in Evocations
  1750 | D:1      | Found Puffacob's Distillery.
  1773 | D:1      | Reached XP level 4. HP: 32/32 MP: 3/11
  2929 | D:3      | Reached skill level 1 in Hexes
  2929 | D:3      | Reached skill level 1 in Summonings
  2929 | D:3      | Reached skill level 1 in Necromancy
  2929 | D:3      | Reached skill level 1 in Translocations
  2929 | D:3      | Reached skill level 1 in Transmutations
  2929 | D:3      | Reached skill level 1 in Fire Magic
  2929 | D:3      | Reached skill level 1 in Ice Magic
  2929 | D:3      | Reached skill level 1 in Earth Magic
  2929 | D:3      | Reached skill level 1 in Poison Magic
  3077 | D:3      | Found Ugheg's Armour Shoppe.
  3213 | D:3      | Reached XP level 5. HP: 37/37 MP: 6/12
  3291 | D:3      | Noticed Natasha
  3296 | D:3      | Killed Natasha
  3762 | D:4      | Noticed Eustachio
  3782 | D:3      | Gained mutation: You are frail. (-10% HP) [potion of
                  | mutation]
  3782 | D:3      | Gained mutation: You have a pair of small horns on your
                  | head. [potion of mutation]
  4001 | D:4      | Reached XP level 6. HP: 35/39 MP: 4/13
  4191 | D:5      | Entered Level 5 of the Dungeon
  4201 | D:5      | Reached skill level 5 in Dodging
  4528 | D:4      | Reached XP level 7. HP: 45/45 MP: 10/15
  4812 | D:4      | Learned a level 4 spell: Airstrike
  4921 | D:4      | Found a burning altar of Makhleb.
  4926 | D:4      | Became a worshipper of Makhleb the Destroyer
  4930 | D:4      | Learned a level 2 spell: Static Discharge
  4934 | D:4      | Learned a level 3 spell: Swiftness
  5262 | D:5      | Reached skill level 5 in Stealth
  5648 | D:5      | Found a staircase to the Ecumenical Temple.
  5654 | Temple   | Entered the Ecumenical Temple
  5771 | D:6      | Reached XP level 8. HP: 51/51 MP: 11/16
  6078 | D:7      | Found a blossoming altar of Fedhas.
  6773 | D:7      | Slain by a killer bee

Illustrated notes

Levels and vault maps discovered:
D:1:      wander_arrival_chamber, layout_basic, serial_shops, shop_fountains
D:2:      layout_rooms, shapermc_ecumenical_altar_pompeii, grunt_ministairs_8,
          kennysheep_generic_room_5
D:3:      layout_basic, serial_shops, nicolae_lakefront_shop, uniq_natasha
D:4:      layout_rooms, lightli_temple_of_fire, bh_walls_and_bars,
          uniq_eustachio
D:5:      layout_cave_pods, minmay_temple_entry_fiery, minmay_misc_feat_plants
D:6:      layout_basic, lemuel_crystal_altar, uniq_duvessa
D:7:      layout_gridville, mainiacjoe_overflow_six_doors_small, serial_shops,
          kennysheep_mini
Temple:   nicolae_temple_x_marks_the_god

Skill      XL: |  1  2  3  4  5  6  7  8 |
---------------+-------------------------+-----
Conjurations   | 2 3 |  3.6
Spellcasting   | 5 6 |  6.2
Invocations    | 1 2 3 |  3.9
Fighting       | 1 2 3 |  3.5
Short Blades   | 1 2 3 |  3.5
Long Blades    | 1 2 3 |  3.5
Axes           | 1 2 3 |  3.5
Maces & Flails | 1 2 3 |  3.5
Polearms       | 1 2 3 |  3.5
Staves         | 1 2 3 |  3.5
Slings         | 1 2 3 |  3.5
Bows           | 1 2 3 |  3.5
Crossbows      | 1 2 3 |  3.5
Throwing       | 1 2 3 |  3.5
Armour         | 1 2 3 |  3.5
Shields        | 1 2 3 |  3.5
Unarmed Combat | 1 2 3 |  3.5
Evocations     | 1 2 3 |  3.5
Hexes          | 1 2 |  2.9
Summonings     | 1 2 |  2.9
Necromancy     | 1 2 |  2.9
Translocations | 1 2 |  2.9
Transmutations | 1 2 |  2.9
Fire Magic     | 1 2 |  2.9
Ice Magic      | 1 2 |  2.9
Earth Magic    | 1 2 |  2.9
Poison Magic   | 1 2 |  2.9
Dodging        | 5 |  5.8
Stealth        | 5 |  5.5
Air Magic      | 6 |  6.2

Action                   |  1- 3 |  4- 6 |  7- 9 || total
-------------------------+-------+-------+-------++-------
Melee: Unarmed           |     2 |     5 |       ||     7
       Bite              |       |     1 |       ||     1
       Long sword        |       |       |     5 ||     5
       Halberd           |       |       |     2 ||     2
       Headbutt          |       |       |     1 ||     1
 Cast: Shock             |    76 |   143 |    56 ||   275
       Airstrike         |       |       |    28 ||    28
  Use: Potion            |       |     1 |       ||     1
Armor: Robe              |     5 |     2 |     4 ||    11
Dodge: Dodged            |    15 |    22 |    24 ||    61
